Map: Acid Plant LE

Players

Zest - Winner!

  • Race: Protoss Protoss
  • Spawn Location: 5:00

Stephano

  • Race: Zerg Zerg
  • Spawn Location: 11:00

Event: IEM Season 12 - PyeongChang

VOD

Have the link to the VOD?

Description

Time

  • Played on: Feb. 4, 2018, 10:43 p.m.
  • Length: 9:31

All games in this series

Show
View Real Time Build Order
Export as new Build Order

Zest Protoss - Winner!

Build Orders: 1 Gate Expand, Oracle Opening, Phoenix Opening, Archon Immortal, Zealot Archon, Archon Drop 

Get SALT Encoding   

  12  0:00  Probe  
  13  0:12  Probe  
  14  0:18  Pylon  
  14  0:24  Probe (Chrono Boost)  
  15  0:37  Probe (Chrono Boost)  
  15  0:40  Gateway  
  16  0:46  Probe (Chrono Boost)  
  16  0:47  Assimilator  
  17  0:51  Probe  
  18  1:03  Probe  
  19  1:15  Probe  
  20  1:24  Nexus  
  20  1:34  Cybernetics Core  
  20  1:38  Probe  
  21  1:43  Assimilator  
  21  1:50  Probe  
  21  1:53  Pylon  
  22  2:02  Probe  
  23  2:10  Adept (Chrono Boost)  
  23  2:13  Stargate  
  25  2:16  Probe  
  26  2:23  Warp Gate  
  26  2:29  Adept  
  27  2:30  Probe (Chrono Boost)  
  27  2:36  Probe (Chrono Boost)  
  31  2:45  Probe x2 (Chrono Boost)  
  31  2:50  Probe (Chrono Boost)  
  32  2:52  Probe  
  32  2:56  Phoenix (Chrono Boost)  
  36  3:07  Probe x2  
  36  3:09  Pylon  
  36  3:10  Oracle (Chrono Boost)  
  38  3:19  Probe x2  
  43  3:29  Gateway  
  43  3:31  Probe x2  
  45  3:38  Assimilator, Oracle (Chrono Boost)  
  48  3:42  Assimilator  
  48  3:43  Probe  
  48  3:44  Probe  
  50  3:49  Pylon  
  50  3:55  Probe  
  50  3:56  Probe  
  50  4:00  Robotics Facility  
  52  4:08  Probe x2  
  54  4:14  Twilight Council  
  54  4:20  Probe x2  
  54  4:21  Gateway x2  
  56  4:31  Pylon  
  56  4:40  Probe  
  56  4:44  Warp Prism (Chrono Boost)  
  59  4:54  Templar Archives  
  59  4:55  Gateway  
  59  4:57  Gateway  
  59  5:05  Gateway  
  59  5:06  Gateway  
  56  5:08  Charge (Chrono Boost)  
  56  5:25  Pylon  
  56  5:30  Pylon  
  56  5:34  High Templar x4  
  64  5:39  Archon x2  
  64  5:42  Observer  
  65  5:46  Pylon  
  65  5:58  Nexus  
  65  6:00  Pylon  
  65  6:05  Zealot x4  
  65  6:06  Zealot x3  
  65  6:07  Zealot  
  65  6:10  Observer (Chrono Boost)  
  82  6:22  Pylon  
  82  6:31  Psionic Storm  
  82  6:35  Zealot x8  
  91  7:05  Zealot x4, High Templar x4  
  107  7:16  Immortal (Chrono Boost)  
  107  7:20  Probe x3  
  114  7:30  Pylon  
  114  7:32  Probe x3  
  117  7:44  Probe x2  
  117  7:45  Robotics Facility  
  117  7:46  Pylon, Immortal (Chrono Boost)  
  117  7:47  Pylon  
  123  8:06  High Templar x2  
  123  8:07  Zealot x6  
  137  8:14  Archon  
  137  8:20  Forge  
  137  8:21  Immortal (Chrono Boost)  
  141  8:31  Probe x2  
  141  8:32  Probe  
  141  8:33  Pylon  
  144  8:36  Assimilator  
  144  8:37  Immortal (Chrono Boost)  
  144  8:40  Assimilator  
  128  9:03  Zealot x8  
Show
View Real Time Build Order
Export as new Build Order

Stephano Zerg 

Build Orders: Hatch First 

Get SALT Encoding   

  12  0:00  Drone  
  13  0:12  Overlord  
  13  0:18  Drone  
  14  0:31  Drone x2  
  16  0:50  Hatchery  
  16  0:52  Drone  
  16  0:55  Drone  
  17  0:59  Drone  
  18  1:11  Extractor  
  17  1:15  Spawning Pool  
  17  1:17  Drone  
  17  1:21  Drone  
  18  1:30  Drone  
  19  1:39  Drone  
  20  1:51  Drone  
  21  2:01  Queen  
  21  2:02  Zergling x4  
  21  2:04  Queen  
  27  2:12  Overlord  
  27  2:15  Drone  
  28  2:17  Metabolic Boost  
  28  2:34  Drone  
  28  2:36  Hatchery  
  28  2:38  Drone  
  28  2:43  Queen  
  31  2:47  Drone  
  31  2:49  Drone  
  33  2:54  Overlord  
  33  3:02  Drone  
  34  3:09  Drone x2  
  36  3:13  Drone  
  36  3:16  Overlord, Drone x2  
  39  3:25  Spore Crawler  
  39  3:26  Drone x2  
  41  3:28  Drone x3  
  44  3:39  Overlord, Lair  
  44  3:42  Spore Crawler  
  44  3:45  Queen, Extractor  
  44  3:49  Drone x2  
  44  3:51  Drone  
  44  3:55  Spore Crawler, Drone  
  47  3:58  Drone  
  47  4:00  Drone  
  47  4:02  Drone  
  48  4:10  Spore Crawler  
  48  4:14  Drone x5  
  48  4:15  Drone  
  54  4:22  Queen, Extractor  
  54  4:23  Overlord  
  55  4:25  Drone  
  55  4:27  Extractor  
  55  4:33  Overlord  
  55  4:39  Hydralisk Den  
  54  4:48  Drone x2  
  54  5:00  Drone x3  
  57  5:11  Grooved Spines, Hydralisk x4  
  57  5:12  Hydralisk x2  
  69  5:17  Hydralisk  
  71  5:22  Drone  
  71  5:23  Drone, Zergling x2  
  71  5:24  Overlord  
  74  5:34  Overlord  
  74  5:37  Overlord  
  74  5:43  Hydralisk x2  
  74  5:44  Hydralisk x2  
  81  5:56  Hydralisk x4  
  82  6:00  Drone x3  
  82  6:02  Extractor  
  82  6:03  Spore Crawler  
  89  6:09  Drone  
  89  6:10  Drone  
  91  6:11  Drone  
  91  6:13  Overseer  
  92  6:20  Hydralisk x2  
  92  6:23  Muscular Augments  
  96  6:34  Overlord x3  
  96  6:53  Hydralisk x7  
  110  6:56  Zergling x2  
  110  6:57  Zergling x2  
  111  7:08  Hydralisk x2  
  111  7:13  Hatchery  
  108  7:20  Hydralisk x2  
  112  7:24  Baneling Nest, Zergling x6  
  112  7:26  Overlord  
  114  7:31  Zergling x2  
  115  7:40  Zergling x2  
  115  7:41  Overlord  
  116  7:51  Overlord  
  116  7:59  Hatchery  
  116  8:04  Hydralisk x5  
  125  8:14  Drone x6  
  131  8:20  Drone  
  131  8:22  Evolution Chamber  
  131  8:25  Baneling x2  
  131  8:26  Evolution Chamber, Baneling x4  
  130  8:30  Zergling x4  
  130  8:31  Zergling x2  
  133  8:43  Baneling  
  133  8:44  Baneling x4  
  126  8:58  Zergling x8  
  126  8:59  Zergling x12  
  118  9:06  Hydralisk x3  

Tags
 
Add a new tag
Caveats
  • Supply blocks, unpowered buildings, or Contaminate may cause inaccurate times.
  • Supply counts are checked every 10 seconds.